 Dungeon Crawl Stone Soup version 0.21-b1-23-g1fb0a74 (webtiles) character file.

264 myopia the Spear-Bearer (level 6, -1/72 HPs)
             Began as a Merfolk Gladiator on Jan 5, 2018.
             Succumbed to a gnoll sergeant's poison
             ... on level 3 of the Dungeon.
             The game lasted 00:06:56 (2320 turns).

myopia the Spear-Bearer (Merfolk Gladiator)         Turns: 2320, Time: 00:06:56

Health: -1/72      AC: 23    Str: 15    XL:     6   Next: 19%
Magic:  6/6        EV:  2    Int:  7    God:
Gold:   171        SH:  0    Dex: 22    Spells: 5/5 levels left

rFire    + . .     SeeInvis .   a - +0 trident
rCold    x . .     Gourm    .   (no shield)
rNeg     + + +     Faith    .   (armour currently unavailable)
rPois    +         Spirit   .   (helmet currently unavailable)
rElec    .         Reflect  .   (cloak currently unavailable)
rCorr    .         Harm     .   (gloves currently unavailable)
MR       .....     NoTele   +   (boots currently unavailable)
Stlth    +++.......             (no amulet)
HPRegen  0.22/turn              h - ring of fire
MPRegen  0.10/turn              (no ring)

@: agile, lethally poisoned (-1 -> -37), tree-form
A: (change form in water), (swift swim), (stealthy swim), sense surroundings 1,
robust 1
a: no special abilities


You were on level 3 of the Dungeon.
You were not hungry.
You were a tree.
You visited 1 branch of the dungeon, and saw 3 of its levels.

You collected 171 gold pieces.

Inventory:

Hand Weapons
 a - a +0 trident (weapon)
Missiles
 d - 2 throwing nets (quivered)
Armour
 c - a +0 helmet (melded)
 e - a cursed +0 ring mail (melded)
Jewellery
 h - a ring of fire (left branch)
 q - an uncursed ring of protection from magic {unknown}
Scrolls
 b - 3 scrolls of immolation {unknown}
 g - a scroll of magic mapping {unknown}
 i - 2 scrolls of noise {unknown}
 l - 4 scrolls of identify {unknown}
 p - a scroll of blinking {unknown}
 s - a scroll of teleportation {unknown}
 t - a scroll of enchant armour {unknown}
Potions
 n - a potion of resistance {unknown}
 o - a potion of magic {unknown}
 r - a potion of flight {unknown}
Comestibles
 f - 5 rations


   Skills:
 - Level 2.1 Fighting
 + Level 9.7 Polearms
 - Level 2.0 Throwing
 - Level 4.0 Dodging


You had 5 spell levels left.
You didn't know any spells.

Dungeon Overview and Level Annotations

Branches:
Dungeon (3/15)

Altars:


Innate Abilities, Weirdness & Mutations

((You revert to your normal form in water.))
((You are very nimble and swift while swimming.))
((You are very stealthy in the water. (Stealth+)))
You passively map a small area around you.
You are robust. (+10% HP)


Message History

The gnoll hits you from afar with a spear!
* * * LOW HITPOINT WARNING * * *
It was a potion of agility.
You feel agile all of a sudden.
* * * LOW HITPOINT WARNING * * *
You feel very sick. The gnoll sergeant misses you.
The gnoll completely misses you.
It was a potion of lignification.
You turn into a tree.
Your +0 helmet melds into your body.
Your cursed +0 ring mail melds into your body.
Your roots penetrate the ground.
* * * LOW HITPOINT WARNING * * *
You feel sick.
The gnoll sergeant hits you but does no damage.
You are more poisoned.
The gnoll hits you but does no damage.
It was a potion of mutation.
You feel extremely strange.
You feel robust.
You feel a strange attunement to the structure of the dungeons.
You die...

* ... .# #............
.. ..# #..........<. *
#g##..# #............
#..!..# #............
#.g##.# #........##..
, #.g.#.#
#........##.. ##..#.#
#........##..
#.g#.####........##..
##..#♣................
#..gg#####........####
, #....# #........# *
#....# #........#
#....# ########## *
#....# * #....# ,
.....# * * *#(....#


You could see a gnoll sergeant and a gnoll.

Vanquished Creatures
  An ogre (D:3)
  A jelly (D:2)
  2 gnolls
  5 adders
  2 oozes
  3 worms (D:2)
  2 dart slugs
  6 leopard geckos
  6 goblins
  2 hobgoblins
  2 jackals (D:3)
  6 quokkas
  9 bats
  4 frilled lizards (D:2)
  5 kobolds
  8 rats
64 creatures vanquished.

Notes
Turn   | Place    | Note
-------+----------+-------------------------------------------
     0 | D:1      | myopia the Merfolk Gladiator began the quest for the Orb.
     0 | D:1      | Reached XP level 1. HP: 16/16 MP: 1/1
    26 | D:1      | Reached skill level 5 in Polearms
    26 | D:1      | Reached XP level 2. HP: 18/22 MP: 2/2
   337 | D:1      | Reached skill level 6 in Polearms
   337 | D:1      | Reached XP level 3. HP: 27/27 MP: 3/3
   976 | D:2      | Reached skill level 7 in Polearms
   976 | D:2      | Reached XP level 4. HP: 28/33 MP: 4/4
  1546 | D:2      | Reached skill level 8 in Polearms
  1546 | D:2      | Reached XP level 5. HP: 25/38 MP: 5/5
  1999 | D:3      | Noticed an ogre
  2013 | D:3      | Killed an ogre
  2013 | D:3      | Reached skill level 9 in Polearms
  2013 | D:3      | Reached XP level 6. HP: 14/44 MP: 6/6
  2318 | D:3      | HP: 2/44 [poisoned by a gnoll sergeant]
  2320 | D:3      | Gained mutation: You are robust. (+10% HP) [potion of mutation]
  2320 | D:3      | Gained mutation: You passively map a small area around you. [potion of mutation]
  2320 | D:3      | Succumbed to a gnoll sergeant's poison

Skill      XL: |  1  2  3  4  5 |
---------------+----------------+-----
Polearms       | 5 6 7 8 9 |  9.7
Fighting       | |  2.1
Throwing       | |  2.0
Dodging        | |  4.0

Action                   |  1- 3 |  4- 6 || total
-------------------------+-------+-------++-------
Melee: Trident           |    90 |   145 ||   235
Throw: Throwing net      |       |     4 ||     4
  Use: Potion            |       |     3 ||     3
 Stab: Held in net/web   |       |     3 ||     3
  Eat: Chunk             |       |     5 ||     5
Armor: Ring mail         |    23 |    32 ||    55
       Skin              |       |     2 ||     2
Dodge: Dodged            |    43 |    65 ||   108
